 Dungeon Crawl Stone Soup version 0.31-a0-435-g2c6fae2916 (webtiles) character file.

Game seed: 1965885735339487476

962 AdnanSaban the Cudgeller (level 8, -6/49 HPs)
             Began as a Gargoyle Fighter on Aug 1, 2023.
             Was a Follower of Okawaru.
             Mangled by Pikel
             ... wielding a +0 whip of flaming
              (9 damage)
             ... on level 5 of the Dungeon.
             The game lasted 00:04:44 (3910 turns).

AdnanSaban the Cudgeller (Gargoyle Fighter)         Turns: 3910, Time: 00:04:45

Health: -6/49      AC: 14    Str: 22    XL:     8   Next: 15%
Magic:  0/8        EV: 10    Int:  9    God:    Okawaru [*.....]
Gold:   205        SH:  5    Dex: 15    Spells: 7/7 levels left

rFire   . . .        r - +0 morningstar
rCold   . . .        c - +0 buckler
rNeg    + . .        b - +0 scale mail
rPois   ∞            (no helmet)
rElec   +            y - +0 cloak
rCorr   .            (no gloves)
SInv    .            (no boots)
Will    .....        f - amulet of guardian spirit Stlth
                     k - +6 ring of dexterity
HPRegen 0.28/turn    (no ring)
MPRegen 0.11/turn

%: guardian spirit
@: no status effects
A: sickness immunity, AC +5, negative energy resistance 1, electricity
resistance, torment resistance 1, petrification resistance
a: Renounce Religion, Heroism


You were on level 5 of the Dungeon.
You worshipped Okawaru.
Okawaru was aware of your devotion.
You visited 2 branches of the dungeon, and saw 6 of its levels.

You collected 205 gold pieces.

Inventory:

Hand Weapons
 r - a +0 morningstar (weapon)
Missiles
 l - 10 poisoned darts (quivered)
 z - 5 javelins
Armour
 b - a +0 scale mail (worn)
 c - a +0 buckler (worn)
 y - a +0 cloak (worn)
Jewellery
 f - an amulet of guardian spirit (around neck)
 k - a +6 ring of dexterity (left hand)
Wands
 u - a wand of iceblast (15)
 E - a wand of polymorph (11)
Scrolls
 e - 3 scrolls of identify {unknown}
 i - a scroll of silence {unknown}
 j - a scroll of noise {unknown}
 n - 2 scrolls of poison {unknown}
 p - a scroll of vulnerability {unknown}
 s - 3 scrolls of teleportation {unknown}
 t - a scroll of fog {unknown}
 w - a scroll of enchant armour {unknown}
 x - a scroll of enchant weapon {unknown}
 A - a scroll of revelation {unknown}
Potions
 a - a potion of haste {unknown}
 d - 2 potions of might
 g - 2 potions of curing {unknown}
 h - 2 potions of lignification {unknown}
 m - 2 potions of mutation {unknown}
 o - a potion of ambrosia {unknown}
 q - a potion of invisibility {unknown}
 v - 2 potions of attraction {unknown}
 B - 2 potions of heal wounds {unknown}
 C - a potion of degeneration {unknown}
 D - a potion of enlightenment {unknown}
 F - a potion of magic {unknown}


   Skills:
 + Level 5.0 Fighting
 + Level 6.4 Maces & Flails
 + Level 0.1 Throwing
 + Level 5.3 Armour
 + Level 1.4 Dodging
 + Level 0.6 Stealth
 + Level 5.1 Shields


You had 7 spell levels left.
You didn't know any spells.
Your spell library contained the following spells:

 Spells                   Type           Power      Damage    Failure   Level
 Magic Dart               Conj           0%         1d3       77%         1
 Ignite Poison            Fire/Tmut/Pois 0%         N/A       98%         3
 Mephitic Cloud           Conj/Pois/Air  0%         N/A       98%         3
 Freezing Cloud           Conj/Ice/Air   0%         6-21      100%        5
 Call Imp                 Summ           Unusable   N/A       N/A         2
 Cigotuvi's Dreadful Rot  Necr/Pois/Air  Unusable   N/A       N/A         2

Dungeon Overview and Level Annotations

Branches:
Dungeon (5/15)             Temple (1/1) D:4

Altars:
Ashenzari
Gozag
Hepliaklqana
Kikubaaqudgha
Makhleb
Okawaru
Qazlal
Ru
Sif Muna
Uskayaw
Vehumet
Wu Jian
Zin
The Shining One

Shops:
D:1 *?(

Annotations:
D:4 Edmund
D:5 Pikel


Innate Abilities, Weirdness & Mutations

You are immune to sickness and miasma.
Your stone body is resilient. (AC +5)
You are immune to poison.
You resist negative energy. (rN+)
You are resistant to electric shocks. (rElec)
You are resistant to unholy torment.
You are immune to petrification.


Message History

Pikel is heavily wounded.
Pikel hits you with a +0 whip of flaming!
* * * LOW HITPOINT WARNING * * *
Pikel burns you.
* * * LOW HITPOINT WARNING * * *
You hit Pikel but do no damage.
Pikel is heavily wounded.
Pikel hits you but does no damage.
You closely miss Pikel.
Pikel is heavily wounded.
Pikel hits you but does no damage.
You closely miss Pikel.
Pikel is heavily wounded.
Pikel hits you with a +0 whip of flaming.
* * * LOW HITPOINT WARNING * * *
Pikel burns you.
* * * LOW HITPOINT WARNING * * *
You closely miss Pikel.
Pikel is heavily wounded.
You block Pikel's attack.
You hit Pikel but do no damage.
Pikel is heavily wounded.
Pikel barely misses you.
You sock Pikel!
Pikel is almost dead.
You block Pikel's attack.
You barely miss Pikel.
Pikel is almost dead.
Pikel misses you.
You hit Pikel.
Pikel is almost dead.
Pikel misses you.
You hit Pikel but do no damage.
Pikel is almost dead.
You feel like a meek peon again.
You closely miss Pikel.
Pikel is almost dead.
Pikel barely misses you.
Pikel hits you with a +0 whip of flaming!
You die...

########## .........#
########.# ..#####.#
##############.######
.....##.#
#...@K555o5o.........
#.##.##.#
#.#############.#####
#<##.##.# #.# #.#
#.##.##.#####.#####
#5#
#.##........<.....#
#.#
#.#.#.#.###.....#.#
##5##
...###..........#.#
##.5.####
.##.#.#.###.....#.#
#.#...... .###.##.#
##...##.# ##.#.####


You could see Pikel, 4 lemures and 2 orcs.

Vanquished Creatures
  Grinder (D:5)
  Menkaure (D:5)
  An ogre (D:5)
  3 phantoms
  A hound (D:4)
  2 iguanas
  A sleepcap (D:5)
  Natasha (thrice) (D:4)
  An orc wizard (D:2)
  3 gnolls (D:3)
  3 adders
  2 worms (D:2)
  6 orcs
  3 bats
  2 endoplasms (D:2)
  2 giant cockroaches
  4 goblins
  5 hobgoblins
  7 jackals
  5 quokkas
  6 ball pythons
  2 frilled lizards
  9 kobolds
  5 rats
78 creatures vanquished.

Notes
Turn   | Place    | Note
-------+----------+-------------------------------------------
     0 | D:1      | AdnanSaban the Gargoyle Fighter began the quest for the
                  | Orb.
     0 | D:1      | Reached XP level 1. HP: 14/14 MP: 1/1
    79 | D:1      | Reached XP level 2. HP: 19/19 MP: 2/2
   107 | D:1      | Found Boukuik's Magic Scroll Emporium.
   114 | D:1      | Found Ykalus's Weapon Emporium.
   622 | D:1      | Found Adi Cuir's Assorted Antiques.
   747 | D:1      | Reached XP level 3. HP: 23/24 MP: 3/3
  1662 | D:2      | Reached XP level 4. HP: 21/29 MP: 2/4
  1691 | D:2      | Reached skill level 3 in Maces & Flails
  1906 | D:3      | Reached XP level 5. HP: 22/33 MP: 3/5
  2120 | D:3      | Found a faded altar of an unknown god.
  2553 | D:4      | Found a staircase to the Ecumenical Temple.
  2563 | Temple   | Entered the Ecumenical Temple
  2586 | D:4      | Noticed Natasha
  2597 | D:4      | Killed Natasha
  2653 | D:4      | Noticed Edmund
  2875 | D:4      | Noticed Natasha
  2878 | D:4      | Killed Natasha
  2879 | D:4      | Reached skill level 4 in Maces & Flails
  2879 | D:4      | Reached XP level 6. HP: 38/38 MP: 6/6
  2892 | D:4      | Reached skill level 1 in Dodging
  3184 | D:4      | Noticed Natasha
  3191 | D:4      | Killed Natasha
  3192 | D:4      | Reached skill level 5 in Maces & Flails
  3192 | D:4      | Reached XP level 7. HP: 27/44 MP: 5/7
  3340 | D:5      | Entered Level 5 of the Dungeon
  3350 | D:5      | Noticed Menkaure
  3357 | D:5      | Killed Menkaure
  3419 | D:5      | Found an iron altar of Okawaru.
  3428 | D:5      | Became a worshipper of Warmaster Okawaru
  3496 | D:5      | Found a shimmering blue altar of Sif Muna.
  3561 | D:5      | Reached skill level 5 in Armour
  3713 | D:5      | Noticed Grinder
  3716 | D:5      | Paralysed by Grinder for 4 turns
  3724 | D:5      | Paralysed by Grinder for 3 turns
  3738 | D:5      | Killed Grinder
  3738 | D:5      | Reached * piety under Okawaru
  3739 | D:5      | Reached skill level 5 in Fighting
  3739 | D:5      | Reached skill level 6 in Maces & Flails
  3739 | D:5      | Reached skill level 5 in Shields
  3739 | D:5      | Reached XP level 8. HP: 44/49 MP: 8/8
  3858 | D:5      | Noticed Pikel
  3903 | D:5      | HP: 2/49 [Pikel/+0 whip of flaming (4)]
  3910 | D:5      | Mangled by Pikel

Illustrated notes

Levels and vault maps discovered:
D:1:      ebering_trefoil_3fold, layout_basic, serial_shops,
          nicolae_diamond_shop, shop, nicolae_shop_pleasant_corner_grove
D:2:      layout_basic
D:3:      layout_rooms, basic_ecumenical_altar
D:4:      layout_basic, kb_xom_exploding_sheep, minmay_temple_entry_wispy,
          uniq_natasha, uniq_edmund
D:5:      layout_loops_ring, okawaru_ov_weapons_minmay, lemuel_blue_sif_altar,
          portal_sewer_entry_e, uniq_menkaure, uniq_pikel, uniq_grinder
Temple:   hellmonk_temple_forest_ring

Skill      XL: |  1  2  3  4  5  6  7 |
---------------+----------------------+-----
Maces & Flails | 3 4 5 6 |  6.4
Shields        | 4 5 |  5.1
Armour         | 4 5 |  5.3
Fighting       | 4 5 |  5.0
Dodging        | 1 |  1.4
Throwing       | |  0.1
Stealth        | |  0.6

Action                     |  1- 3 |  4- 6 |  7- 9 || total
---------------------------+-------+-------+-------++-------
  Melee: Flail             |   118 |    21 |       ||   139
         Morningstar       |       |   135 |    69 ||   204
         Unarmed           |       |       |     9 ||     9
  Throw: Dart              |       |       |     4 ||     4
 Invoke: Heroism           |       |       |     1 ||     1
 Armour: Scale mail        |    63 |   102 |    33 ||   198
         Skin              |       |       |     1 ||     1
  Dodge: Dodged            |    68 |    98 |    47 ||   213
  Block: Buckler           |    31 |    42 |    25 ||    98

Table legend: (Time is in decaauts)
 A = Elapsed time spent in this place.
 B = Non-inter-level travel time spent in this place.
 C = Inter-level travel time spent in this place.
 D = Time resting spent in this place.
 E = Time spent auto-exploring this place.
 F = Levels seen in this place.
 G = Mean time per level.
                   A        B        C        D        E       F      G
               +--------+--------+--------+--------+--------+-----+--------+
         Total |   4031 |   3794 |    237 |    158 |   2645 |   6 |  671.8 |
       Dungeon |   4029 |   3792 |    237 |    158 |   2645 |   5 |  805.8 |
        Temple |      1 |      1 |      0 |      0 |      0 |   1 |    1.0 |
               +--------+--------+--------+--------+--------+-----+--------+

Top non-repeatable levels by time:
     D:1: 929 daAuts
     D:2: 923 daAuts
     D:4: 891 daAuts
     D:3: 702 daAuts
     D:5: 581 daAuts
  Temple: 1 daAuts
